 Dungeon Crawl Stone Soup version 0.21-a0-243-g597973d (webtiles) character file.

21 tidbits the Insei (level 2, 0/22 HPs)
             Began as a Demigod Transmuter on Sept 4, 2017.
             Slain by a hobgoblin (4 damage)
             ... on level 1 of the Dungeon.
             The game lasted 00:05:42 (536 turns).

tidbits the Insei (Demigod Transmuter)               Turns: 536, Time: 00:05:43

Health: 0/22       AC:  2    Str: 13    XL:     2   Next: 45%
Magic:  6/7        EV: 12    Int: 17    God:
Gold:   54         SH:  0    Dex: 16    Spells: 2/5 levels left

rFire    . . .     SeeInvis .     - Unarmed
rCold    . . .     Gourm    .   (no shield)
rNeg     . . .     Faith    .   b - +0 robe
rPois    .         Spirit   .   (no helmet)
rElec    .         Reflect  .   (no cloak)
rCorr    .         Harm     .   (no gloves)
MR       .....                  (no boots)
Stlth    +.........             (no amulet)
HPRegen  0.07/turn              (no ring)
MPRegen  0.10/turn              (no ring)

@: appendage
A: horns 2, high mp 1
a: End Transformation


You were on level 1 of the Dungeon.
You were not hungry.
You had grown temporary horns.
You visited 1 branch of the dungeon, and saw 2 of its levels.

You collected 54 gold pieces.

Inventory:

Missiles
 a - 10 arrows
 e - 17 stones (quivered)
Armour
 b - a +0 robe (worn)
 g - a +0 scale mail
Scrolls
 h - a scroll of identify {unknown}
 k - a scroll of enchant armour {unknown}
Potions
 j - a potion of degeneration {unknown}
Books
 c - a book of Changes

   Spells                             Type                      Level
   a - Beastly Appendage              Transmutation                1
   b - Sticks to Snakes               Transmutation                2
   c - Spider Form                    Transmutation/Poison         3
   d - Ice Form                       Ice/Transmutation            4
   e - Blade Hands                    Transmutation                5
Comestibles
 d - a bread ration
 f - a meat ration
 i - a royal jelly


   Skills:
 - Level 0.8 Fighting
 - Level 1.7 Dodging
 * Level 3.2 Unarmed Combat
 - Level 2.0 Spellcasting
 + Level 2.0 Transmutations


You had 2 spell levels left.
You knew the following spells:

 Your Spells              Type           Power        Failure   Level  Hunger
e - Beastly Appendage     Tmut           #.....       9%          1    #......
k - Sticks to Snakes      Tmut           #.......     12%         2    ###....


Dungeon Overview and Level Annotations

Branches:
Dungeon (2/15)


Innate Abilities, Weirdness & Mutations

You have an increased reservoir of magic. (+10% MP)
You have a pair of horns on your head.


Message History

You barely miss the giant cockroach. The giant cockroach closely misses you.
You hit the giant cockroach.
Your headbutt misses the giant cockroach.
The giant cockroach is moderately wounded.
The giant cockroach bites you.
* * * LOW HITPOINT WARNING * * *
You hit the giant cockroach.
You kill the giant cockroach!
Your transformation is almost over.
A bat comes into view.
Throwing (i - inventory):
e - 17 stones (quivered)
Press: ? - help, Shift-Dir - straight line, f - bat
Aim: a bat (resting)
You throw a stone.
The stone hits the bat but does no damage.
Casting: Beastly Appendage
Confirm with . or Enter, or press ? or * to list all spells.
You extend your transformation's duration.
You hit the bat.
The bat is moderately wounded.
The bat hits you but does no damage.
You hit the bat.
You kill the bat!
Your transformation is almost over.
Found a bubbling coppery potion.
j - a bubbling coppery potion
e - 17 stones (gained 1)
Your horns disappear.
There is a stone staircase leading down here.
A ball python comes into view.
You see here a stone.
e - 18 stones (gained 1)
A goblin comes into view. It is wielding a dagger.
The goblin shouts!
Casting: Beastly Appendage
Confirm with . or Enter, or press ? or * to list all spells.
Your feet morph into talons.
The ball python hisses angrily.
Your transformation is almost over.
You hit the goblin.
The goblin is heavily wounded.
The goblin hits you with a dagger.
* * * LOW HITPOINT WARNING * * *
You barely miss the goblin.
The goblin is heavily wounded.
The goblin misses you.
You hit the goblin but do no damage. You claw the goblin.
You kill the goblin!
You hit the ball python. Your kick misses the ball python.
The ball python is severely wounded.
The ball python bites you.
* * * LOW HITPOINT WARNING * * *
The ball python closely misses you.
You hit the ball python.
You kill the ball python!
Things that are here:
a dagger; a ball python corpse Your talons disappear.
Things that are here:
a dagger; a ball python corpse You open the door.
Found a scroll labeled LUFISHRE GYLADO.
A rat and a goblin come into view.
There is an open door here.
Throwing (i - inventory):
e - 18 stones (quivered)
Press: ? - help, Shift-Dir - straight line, f - goblin
Aim: a goblin, wielding a dagger (resting)
You throw a stone. The stone hits the goblin.
The goblin shouts!
The goblin is moderately wounded.
Casting: Beastly Appendage
Confirm with . or Enter, or press ? or * to list all spells.
Your feet morph into talons.
The goblin hits you but does no damage.
You barely miss the goblin. You claw the goblin.
You kill the goblin!
You hit the rat.
You kill the rat!
Your transformation is almost over.
Things that are here:
a dagger; a goblin corpse
k - a scroll labeled LUFISHRE GYLADO Your talons disappear.
A hobgoblin comes into view.
Casting: Beastly Appendage
Confirm with . or Enter, or press ? or * to list all spells.
You grow a pair of large bovine horns.
The hobgoblin shouts!
You hit the hobgoblin.
The hobgoblin is severely wounded.
The hobgoblin hits you.
* * * LOW HITPOINT WARNING * * *
You hit the hobgoblin but do no damage.
The hobgoblin is severely wounded.
The hobgoblin hits you.
* * * LOW HITPOINT WARNING * * *
You barely miss the hobgoblin.
The hobgoblin is severely wounded.
The hobgoblin hits you.
You die...

####...........#
#.....#
#.#####.....#
#####.#
######'###########
#.# #...)........#
#.# #........###.#
#.# #........# #.#
#.# #........# #.#
#.# #........# #g#
#.# ######.#####@#
#.# #.......# #.#
#.####### #.# ....
#.# #.... #.#
#..... #######.#
###... #........
#.... #........ #.
#........


You could see a hobgoblin.

Vanquished Creatures
  A leopard gecko (D:1)
  2 giant cockroaches (D:1)
  4 goblins (D:1)
  2 hobgoblins (D:1)
  3 kobolds (D:1)
  A ball python (D:1)
  A bat (D:1)
  A frilled lizard (D:1)
  2 rats (D:1)
17 creatures vanquished.

Vanquished Creatures (collateral kills)
  A bat (D:2)
1 creature vanquished.

Grand Total: 18 creatures vanquished

Notes
Turn   | Place    | Note
-------+----------+-------------------------------------------
     0 | D:1      | tidbits the Demigod Transmuter began the quest for the Orb.
     0 | D:1      | Reached XP level 1. HP: 15/15 MP: 5/5
    53 | D:1      | Reached skill level 2 in Spellcasting
   228 | D:1      | Reached skill level 2 in Transmutations
   228 | D:1      | Reached XP level 2. HP: 16/22 MP: 5/7
   232 | D:1      | Learned a level 2 spell: Sticks to Snakes
   254 | D:1      | Reached skill level 3 in Unarmed Combat
   536 | D:1      | Slain by a hobgoblin

Vault maps used:
D:1:      lemuel_arrival_broad_hall

Skill      XL: |  1  2 |
---------------+-------+-----
Spellcasting   | 2 |  2.0
Transmutations | 2 |  2.0
Unarmed Combat | 3 |  3.2
Fighting       | |  0.8
Dodging        | |  1.7

Action                   || total
-------------------------++-------
Melee: Unarmed           ||    40
       Kick              ||     7
       Headbutt          ||     1
Throw: Stone             ||     3
 Cast: Beastly Appendage ||    18
       Sticks to Snakes  ||     2
 Stab: Sleeping          ||     1
Armor: Robe              ||     4
Dodge: Dodged            ||    15

Table legend:
 A = Spawn XP
 B = Non-spawn XP
 C = Spawn XP percentage of total XP
 D = Spawn monster count
 E = Non-spawn monster count
 F = Spawn count percentage of total count
 G = Total turns spent on level
                    A         B        C        D         E        F      G
               +---------+---------+-------+---------+---------+-------+---------
         Total |       0 |      30 |   0.0 |       0 |      18 |   0.0 |   536
               +---------+---------+-------+---------+---------+-------+---------
           D:1 |       0 |      29 |   0.0 |       0 |      17 |   0.0 |   509
           D:2 |       0 |       1 |   0.0 |       0 |       1 |   0.0 |    27
               +---------+---------+-------+---------+---------+-------+---------

Table legend:
 A = Turns spent in this place as a percentage of turns spent in the entire game.
 B = Non-inter-level travel turns spent in this place as a percentage of non-inter-level travel turns spent in the entire game.
 C = Inter-level travel turns spent in this place as a percentage of turns spent in this place.
 D = Turns resting spent in this place as a percentage of non-inter-level travel turns spent in this place.
 E = Turns spent auto-exploring this place as a percentage of non-inter-level travel turns spent in this place.
 F = Non-inter-level travel turns spent in this place divided by the number of levels of this place that you've seen.
                   A       B       C       D       E      F
               +-------+-------+-------+-------+-------+----------------------
         Total | 100.0 | 100.0 |  19.4 |   0.0 |   0.0 | 216.0
       Dungeon | 100.0 | 100.0 |  19.4 |   0.0 |   0.0 | 216.0
               +-------+-------+-------+-------+-------+----------------------

Table legend:
 A = Kills in this place as a percentage of kills in entire the game.
 B = Kills by you in this place as a percentage of kills by you in the entire game.
 C = Kills by friends in this place as a percentage of kills by friends in the entire game.
 D = Other kills in this place as a percentage of other kills in the entire game.
 E = Experience gained in this place as a percentage of experience gained in the entire game.
 F = Experience gained in this place divided by the number of levels of this place that you have seen.
                   A       B       C       D       E      F
               +-------+-------+-------+-------+-------+----------------------
         Total | 100.0 | 100.0 | 100.0 |   N/A | 100.0 |  15.0
       Dungeon | 100.0 | 100.0 | 100.0 |   N/A | 100.0 |  15.0
               +-------+-------+-------+-------+-------+----------------------

Vault maps used:
D:1:      lemuel_arrival_broad_hall
